 Dungeon Crawl Stone Soup version 0.22.1-1-ga44c0e5 (webtiles) character file.

137 dvd the Skirmisher (level 5, -4/33 HPs)
             Began as a Gargoyle Berserker on Oct 17, 2018.
             Was a Believer of Trog.
             Killed from afar by a white imp (9 damage)
             ... with a puff of frost
             ... summoned by Natasha
             ... on level 3 of the Dungeon.
             The game lasted 00:03:21 (1656 turns).

dvd the Skirmisher (Gargoyle Berserker)             Turns: 1656, Time: 00:03:23

Health: -4/33      AC:  7    Str: 21    XL:     5   Next: 20%
Magic:  0/5        EV: 12    Int:  9    God:    Trog [**....]
Gold:   112        SH:  0    Dex: 10    Spells: 4/4 levels left

rFire    . . .     SeeInvis .   a - +0 hand axe
rCold    . . .     Gourm    .   (no shield)
rNeg     + . .     Faith    .   m - +0 leather armour
rPois    ∞         Spirit   +   (no helmet)
rElec    +         Reflect  .   (no cloak)
rCorr    .         Harm     .   (no gloves)
MR       .....                  (no boots)
Stlth    +.........             k - amulet of guardian spirit
HPRegen  0.11/turn              t - +2 ring of intelligence
MPRegen  0.09/turn              (no ring)

@: no status effects
A: negative energy resistance 1, electricity resistance, unbreathing,
petrification resistance, rot immunity, AC +4
a: Berserk, Trog's Hand, Renounce Religion


You were on level 3 of the Dungeon.
You worshipped Trog.
Trog was pleased with you.
You were not hungry.

You visited 1 branch of the dungeon, and saw 3 of its levels.

You collected 112 gold pieces.

Inventory:

Hand Weapons
 a - a +0 hand axe (weapon)
 p - a +0 vampiric trident
Missiles
 r - 8 tomahawks (quivered)
Armour
 b - a +0 animal skin
 m - a +0 leather armour (worn)
Jewellery
 k - an amulet of guardian spirit (around neck)
 t - a +2 ring of intelligence (left hand)
Scrolls
 e - a scroll of amnesia {unknown}
 g - 2 scrolls of identify {unknown}
 h - a scroll of fear {unknown}
 j - a scroll of noise {unknown}
 n - 2 scrolls of remove curse {unknown}
 s - a scroll of random uselessness {unknown}
Potions
 f - a potion of might {unknown}
 i - a potion of curing {unknown}
 l - a potion of berserk rage {unknown}
 o - a potion of magic {unknown}
 q - a potion of agility {unknown}
 u - a potion of flight {unknown}
Comestibles
 c - 4 rations
 d - 4 chunks of flesh


   Skills:
 + Level 4.2 Fighting
 + Level 4.1 Axes
 + Level 2.7 Armour
 + Level 2.0 Dodging
 + Level 1.1 Stealth


You had 4 spell levels left.
You didn't know any spells.
Your spell library was empty.

Dungeon Overview and Level Annotations

Branches:
Dungeon (3/15)

Altars:
Ru
The Shining One

Annotations:
D:3 Natasha


Innate Abilities, Weirdness & Mutations

You are resistant to torment.
Your stone body is resilient. (AC +4)
You are immune to poison.
You resist negative energy. (rN+)
You are resistant to electric shocks. (rElec)
You can survive without breathing.
You are immune to petrification.
You are immune to rotting.


Message History

The puff of frost misses you.
Some of the chunks of flesh in your inventory have rotted away.
You hit Natasha.
Natasha is almost dead.
You barely miss the white imp. Natasha claws you but does no damage.
The white imp gestures at you. The puff of frost hits you!
You hit Natasha.
Natasha is almost dead.
You closely miss the white imp. Natasha claws you.
The white imp gestures at you. The puff of frost hits you!
* * * LOW HITPOINT WARNING * * *
You closely miss Natasha.
Natasha is almost dead.
You hit the white imp. Natasha claws you.
* * * LOW HITPOINT WARNING * * *
The white imp gestures at you. The puff of frost hits you!
You die...

####### ####.....#
..##.###.####### ##.##.#
#..##..5#########
...##.###...#.#.........#
#..##.#........h#######.#
...)....#...#..5@#
#..##......#####.##
...#######.# #..# .#.#
#.# ##....... ...# #+#
......_ .### ....... ...#
....⌠.. ...# ....... ...#
#._....


You could see Natasha and 2 white imps.

Vanquished Creatures
  Natasha (twice) (D:3)
  4 adders (D:2)
  A worm (D:2)
  3 dart slugs
  A ball python (D:1)
  3 giant cockroaches (D:2)
  3 goblins
  6 hobgoblins
  2 quokkas (D:3)
  5 bats
  3 frilled lizards
  8 kobolds
  5 rats
46 creatures vanquished.

Notes
Turn   | Place    | Note
-------+----------+-------------------------------------------
     0 | D:1      | dvd the Gargoyle Berserker began the quest for the Orb.
     0 | D:1      | Reached XP level 1. HP: 14/14 MP: 1/1
   227 | D:1      | Reached XP level 2. HP: 19/19 MP: 2/2
   643 | D:2      | Reached XP level 3. HP: 18/24 MP: 1/3
   770 | D:2      | Reached XP level 4. HP: 14/29 MP: 0/4
   772 | D:2      | Reached ** piety under Trog
  1498 | D:3      | Reached skill level 1 in Stealth
  1539 | D:3      | Noticed Natasha
  1546 | D:3      | Killed Natasha
  1557 | D:3      | Noticed Natasha
  1582 | D:3      | Killed Natasha
  1582 | D:3      | Reached XP level 5. HP: 24/33 MP: 1/5
  1637 | D:3      | Noticed Natasha
  1644 | D:3      | Found a glowing golden altar of the Shining One.
  1645 | D:3      | Found a sacrificial altar of Ru.
  1656 | D:3      | Killed from afar by a white imp

Skill      XL: |  1  2  3  4 |
---------------+-------------+-----
Axes           | 3 4 |  4.1
Stealth        | 1 |  1.1
Fighting       | 4 |  4.2
Dodging        | 2 |  2.0
Armour         | |  2.7

Action                   |  1- 3 |  4- 6 || total
-------------------------+-------+-------++-------
Melee: Hand axe          |    62 |    78 ||   140
Invok: Berserk           |     2 |       ||     2
       Trog's Hand       |       |     1 ||     1
 Stab: Sleeping          |     1 |       ||     1
  Eat: Chunk             |       |     5 ||     5
Armor: Animal skin       |    14 |       ||    14
       Leather armour    |    10 |    27 ||    37
Dodge: Dodged            |    48 |    51 ||    99
